 Dungeon Crawl Stone Soup version 0.30.0-3-ga4e48a9924 (webtiles) character file.

Game seed: 11222869535617054362

231 Pimp the Trooper (level 6, -4/40 HPs)
             Began as a Gargoyle Fighter on May 6, 2023.
             Killed by divine providence
             ... invoked by an orc priest
              (7 damage)
             ... on level 3 of the Dungeon on May 7, 2023.
             The game lasted 00:04:21 (1898 turns).

Pimp the Trooper (Gargoyle Fighter)                 Turns: 1898, Time: 00:04:22

Health: -4/40      AC: 11    Str: 22    XL:     6   Next: 4%
Magic:  6/6        EV:  9    Int:  8    God:
Gold:   89         SH:  0    Dex:  9    Spells: 5/5 levels left

rFire   . . .        a - +0 war axe
rCold   . . .        c - +0 buckler
rNeg    + . .        b - +0 scale mail
rPois   ∞            (no helmet)
rElec   +            (no cloak)
rCorr   .            (no gloves)
SInv    .            (no boots)
Will    .....        (no amulet) Stlth
                     (no ring)
HPRegen 0.26/turn    (no ring)
MPRegen 0.10/turn

%: no passive effects
@: confused, mighty
A: sickness immunity, AC +4, negative energy resistance 1, electricity
resistance, torment resistance 1, petrification resistance
a: no special abilities


You were on level 3 of the Dungeon.
You visited 1 branch of the dungeon, and saw 3 of its levels.

You collected 89 gold pieces.

Inventory:

Hand Weapons
 a - a +0 war axe (weapon)
Armour
 b - a +0 scale mail (worn)
 c - a +0 buckler (worn)
Scrolls
 g - a scroll of teleportation
 h - a scroll of identify
 i - a scroll of butterflies {unknown}
 j - a scroll of immolation {unknown}
 k - a scroll of acquirement {unknown}
 m - a scroll of enchant weapon {unknown}
Potions
 d - a potion of might
 e - a potion of flight


   Skills:
 * Level 4.8 Fighting
 + Level 3.8 Axes
 + Level 3.9 Armour
 + Level 0.5 Dodging
 + Level 3.7 Shields


You had 5 spell levels left.
You didn't know any spells.
Your spell library contained the following spells:

 Spells                   Type           Power      Damage    Failure   Level
 Ignite Poison            Fire/Tmut/Pois 0%         N/A       99%         3
 Sticky Flame             Conj/Fire      0%         2d3       100%        4
 Ignition                 Fire           0%         3d3       100%        8


Dungeon Overview and Level Annotations

Branches:
Dungeon (3/15)

Altars:


Innate Abilities, Weirdness & Mutations

You are immune to sickness and miasma.
Your stone body is resilient. (AC +4)
You are immune to poison.
You resist negative energy. (rN+)
You are resistant to electric shocks. (rElec)
You are resistant to unholy torment.
You are immune to petrification.


Message History

The orc priest hits you but does no damage. x2
You hear some strange, mumbled words.
A magic dart appears from out of thin air!
The magic dart hits you!
You hit the orc priest.
The orc priest is severely wounded.
You completely miss something. Something hits you.
The orc priest calls down the wrath of Beogh upon you.
You barely resist. You miss something.
You hit the orc priest but do no damage.
The orc priest hits you but does no damage.
Something hits you but does no damage.
Unknown command.
You bump into the rock wall.
The orc priest invokes the aid of Beogh against you.
Beogh smites you!
* * * LOW HITPOINT WARNING * * *
Something hits you but does no damage.
Unknown command.
You feel very mighty all of a sudden. Something hits you but does no damage.
The orc priest looks encouraged for a moment.
You closely miss the orc priest.
The orc priest is severely wounded.
You miss something. The orc priest barely misses you.
You hear some strange, mumbled words.
Something tries to affect you, but you resist.
Something hits you but does no damage.
The orc priest hits you but does no damage.
You bump into the rock wall.
Something hits you but does no damage.
The orc priest hits you but does no damage.
Unknown command.
You're too confused to move!
You feel less confused.
You hear some strange, mumbled words.
You are confused.
The orc priest invokes the aid of Beogh against you.
Beogh smites you!
You die...

#... #..# # #..# # #..# #
#..# # . ..# # ... #o#
#### # .....###@# #..
######### .....oJ{.# #.#
#........
########.###.####.#......
#............#####
#.###<######.# #.#.#...#
#.# # #.# #....# #.# # ##
#.#...# #.##### #.###...
)......


You could see an orc priest, an orc and an endoplasm.

Vanquished Creatures
  3 orc priests (D:3)
  An orc wizard (D:3)
  2 adders (D:2)
  3 dart slugs
  10 orcs (D:3)
  6 endoplasms
  5 giant cockroaches
  3 goblins
  A hobgoblin (D:3)
  2 jackals (D:2)
  5 kobolds
  2 quokkas
  8 ball pythons
  9 bats
  3 frilled lizards
  A rat (D:1)
64 creatures vanquished.

Vanquished Creatures (others)
  An orc wizard (D:3)
  8 plants (D:2)
9 creatures vanquished.

Grand Total: 73 creatures vanquished

Notes
Turn   | Place    | Note
-------+----------+-------------------------------------------
     0 | D:1      | Pimp the Gargoyle Fighter began the quest for the Orb.
     0 | D:1      | Reached XP level 1. HP: 14/14 MP: 1/1
    52 | D:1      | Upgraded the game from 0.30.0 to 0.30.0-3-ga4e48a9924
   157 | D:1      | Reached XP level 2. HP: 19/20 MP: 2/2
   571 | D:1      | Reached XP level 3. HP: 22/24 MP: 3/3
  1193 | D:2      | Reached skill level 4 in Fighting
  1193 | D:2      | Reached XP level 4. HP: 29/29 MP: 4/4
  1717 | D:3      | Reached XP level 5. HP: 13/33 MP: 5/5
  1734 | D:3      | Reached XP level 6. HP: 13/40 MP: 6/6
  1894 | D:3      | HP: 2/40 [orc priest/divine providence (15)]
  1898 | D:3      | Killed from afar by an orc priest

Illustrated notes

Levels and vault maps discovered:
D:1:      dpeg_arrival_arbitrary_b, layout_basic
D:2:      layout_loops_ring, serial_forest, infiniplex_forest_lined_room_,
          infiniplex_forest_zigzag_2, infiniplex_forest_straight_1,
          infiniplex_forest_fountain, infiniplex_forest_corner_1,
          infiniplex_forest_end_3, infiniplex_forest_lined_corner,
          infiniplex_forest_clump_diagonal, infiniplex_forest_lined_room_3
D:3:      layout_loops_ring, mainiacjoe_overflow_alcove_4, serial_shops,
          nicolae_shop_real_fake_doors, uniq_natasha

Skill      XL: |  1  2  3  4 |
---------------+-------------+-----
Axes           | 2 3 |  3.8
Fighting       | 4 |  4.8
Armour         | |  3.9
Dodging        | |  0.5
Shields        | |  3.7

Action                     |  1- 3 |  4- 6 || total
---------------------------+-------+-------++-------
  Melee: War axe           |   111 |    58 ||   169
    Use: Scroll            |     4 |       ||     4
         Potion            |       |     4 ||     4
 Armour: Scale mail        |    70 |    39 ||   109
  Dodge: Dodged            |    60 |    21 ||    81
  Block: Buckler           |    25 |    10 ||    35
